 Dungeon Crawl Stone Soup version 0.25.0-1-g7eea58d (webtiles) character file.

Game seed: 17339948983629077179

85 malesh the Poker (level 4, -8/35 HPs)
             Began as a Demonspawn Gladiator on June 21, 2020.
             Mangled by Sigmund
             ... wielding a +0 scythe
              (11 damage)
             ... on level 2 of the Dungeon.
             The game lasted 00:03:16 (965 turns).

malesh the Poker (Demonspawn Gladiator)              Turns: 965, Time: 00:03:17

Health: -8/35      AC:  4    Str: 15    XL:     4   Next: 25%
Magic:  4/4        EV: 13    Int: 10    God:
Gold:   113        SH:  0    Dex: 14    Spells: 3/3 levels left

rFire    . . .     SeeInvis .   a - +0 trident
rCold    . . .     Gourm    .   (no shield)
rNeg     + . .     Faith    .   b - +0 leather armour
rPois    .         Spirit   .   c - +0 helmet
rElec    .         Reflect  .   (no cloak)
rCorr    .         Harm     .   (no gloves)
MR       .....                  (no boots)
Stlth    +.........             (no amulet)
HPRegen  0.11/turn              p - ring of positive energy
MPRegen  0.09/turn              (no ring)

@: no status effects
A: claws 2
a: no special abilities


You were on level 2 of the Dungeon.
You were not hungry.

You visited 1 branch of the dungeon, and saw 2 of its levels.

You collected 113 gold pieces.

Inventory:

Hand Weapons
 a - a +0 trident (weapon)
Missiles
 d - 3 throwing nets (quivered)
Armour
 b - a +0 leather armour (worn)
 c - a +0 helmet (worn)
Jewellery
 n - an uncursed amulet of faith
 p - a ring of positive energy (left claw)
Scrolls
 e - a scroll of identify {unknown}
 h - a scroll of teleportation {unknown}
 l - 2 scrolls of enchant weapon {unknown}
 m - a scroll of magic mapping {unknown}
Potions
 i - a potion of ambrosia {unknown}
 j - 3 potions of berserk rage {unknown}
 k - a potion of invisibility {unknown}
 o - a potion of degeneration {unknown}
Comestibles
 f - 5 rations
 g - 10 chunks of flesh


   Skills:
 * Level 3.2 Fighting
 * Level 3.6 Polearms
 - Level 1.7 Throwing
 + Level 3.1 Dodging


You had 3 spell levels left.
You didn't know any spells.
Your spell library was empty.

Dungeon Overview and Level Annotations

Branches:
Dungeon (2/15)

Altars:

Annotations:
D:2 Sigmund


Innate Abilities, Weirdness & Mutations

You have very sharp fingernails.


Message History

Aim: Sigmund, wielding a +0 scythe and wearing a +0 robe (moderately wounded)
You reach to attack!
You puncture Sigmund!
Sigmund is heavily wounded.
Sigmund says, "Don't worry, I'll kill you fast."
Sigmund mumbles some strange words.
Sigmund flickers and vanishes!
Deactivating autopickup; reactivate with Ctrl-A.
No target in view!
You hear some strange, mumbled words.
A puff of flame appears from out of thin air!
The puff of flame hits you!
You see here a hobgoblin corpse.
You hit something. Something hits you.
* * * LOW HITPOINT WARNING * * *
You miss something. You miss something. Something barely misses you.
You barely miss something. Something hits you!
* * * LOW HITPOINT WARNING * * *
You puncture something! Something hits you!
You die...

###### #....# #....#
###########.†..#########
................@{....>#
.....########...)..###.#
............#?.....#
###.........#....(.#
#.........#...(..+
#.........#......#
####+########......#
......# #......# ......#


There were no monsters in sight!

Vanquished Creatures
  Terence (D:2)
  2 adders (D:2)
  A worm (D:2)
  2 dart slugs
  6 bats (D:1)
  3 giant cockroaches
  5 goblins
  5 hobgoblins
  3 frilled lizards (D:1)
  4 kobolds (D:2)
  5 rats
37 creatures vanquished.

Notes
Turn   | Place    | Note
-------+----------+-------------------------------------------
     0 | D:1      | malesh the Demonspawn Gladiator began the quest for the
                  | Orb.
     0 | D:1      | Reached XP level 1. HP: 16/16 MP: 1/1
   104 | D:1      | Gained mutation: You have sharp fingernails. [demonic
                  | ancestry]
   104 | D:1      | Reached XP level 2. HP: 22/23 MP: 2/2
   526 | D:2      | Reached XP level 3. HP: 28/28 MP: 3/3
   553 | D:2      | Noticed Terence
   574 | D:2      | Killed Terence
   710 | D:2      | Gained mutation: You have very sharp fingernails. [demonic
                  | ancestry]
   710 | D:2      | Reached XP level 4. HP: 32/35 MP: 4/4
   952 | D:2      | Noticed Sigmund
   965 | D:2      | Mangled by Sigmund

Illustrated notes

Levels and vault maps discovered:
D:1:      minmay_arrival_five_plusses, layout_basic,
          chequers_hall_statues_wall_a, nrook_mini_backslash
D:2:      layout_basic, first_ration, uniq_sigmund, uniq_terence

Skill      XL: |  1  2  3 |
---------------+----------+-----
Polearms       | 3 |  3.6
Dodging        | 3 |  3.1
Fighting       | 3 |  3.2
Throwing       | |  1.7

Action                   |  1- 3 |  4- 6 || total
-------------------------+-------+-------++-------
Melee: Trident           |    86 |    35 ||   121
 Stab: Sleeping          |     2 |       ||     2
Armor: Leather armour    |    18 |     7 ||    25
Dodge: Dodged            |    60 |    10 ||    70
